 Dungeon Crawl Stone Soup version 0.22.1-6-g1668fe2c40 (webtiles) character file.

3299 Kohma the Blocker (level 10, 0/56 HPs)
             Began as a Gargoyle Fighter on Jan 25, 2019.
             Was a Follower of Okawaru.
             Slain by Erolcha
             ... wielding a +4 giant spiked club
              (8 damage)
             ... on level 9 of the Dungeon.
             The game lasted 00:20:56 (7341 turns).

Kohma the Blocker (Gargoyle Fighter)                Turns: 7341, Time: 00:20:57

Health: 0/56       AC: 23    Str: 25    XL:     10   Next: 1%
Magic:  10/10      EV:  6    Int: 10    God:    Okawaru [*.....]
Gold:   398        SH: 16    Dex: 11    Spells: 9/9 levels left

rFire    . . .     SeeInvis +   K - +2 whip "Duz Cixy" {pain, SInv}
rCold    . . .     Gourm    .   c - +0 shield
rNeg     + . .     Faith    .   A - +0 plate armour
rPois    ∞         Spirit   .   v - +0 helmet
rElec    +         Reflect  +   F - +0 cloak
rCorr    .         Harm     .   (no gloves)
MR       .....                  (no boots)
Stlth    ..........             e - +4 amulet of reflection
HPRegen  0.18/turn              h - +5 ring of slaying
MPRegen  0.12/turn              n - +3 ring of protection

@: mighty
A: negative energy resistance 1, electricity resistance, unbreathing,
petrification resistance, rot immunity, AC +7
a: Heroism, Renounce Religion


You were on level 9 of the Dungeon.
You worshipped Okawaru.
Okawaru was aware of your devotion.
You were not hungry.

You visited 2 branches of the dungeon, and saw 10 of its levels.

You collected 398 gold pieces.

Inventory:

Hand Weapons
 a - a +0 flail
 K - the +2 whip "Duz Cixy" (weapon) {pain, SInv}
   (You found it on level 8 of the Dungeon)

   In the hands of one skilled in necromantic magic, it inflicts extra damage on
   living creatures.
   It lets you see invisible.
Missiles
 x - 11 tomahawks (quivered)
Armour
 b - a +0 scale mail
 c - a +0 shield (worn)
 v - a +0 helmet (worn)
 A - a +0 plate armour (worn)
 F - a +0 cloak (worn)
Jewellery
 e - a +4 amulet of reflection (around neck)
 g - a +4 ring of dexterity
 h - a +5 ring of slaying (left hand)
 k - an uncursed ring of ice
 n - a +3 ring of protection (right hand)
 p - a +4 amulet of reflection
 y - an uncursed ring of fire
Wands
 i - a wand of acid (12)
 t - a wand of disintegration (6)
 w - a wand of flame (16)
 C - a wand of polymorph (14)
 E - a wand of digging (22)
 M - a wand of random effects (24)
Scrolls
 s - a scroll of enchant weapon {unknown}
 B - 2 scrolls of silence {unknown}
 D - a scroll of identify
 G - 3 scrolls of remove curse
 H - a scroll of noise {unknown}
 I - 2 scrolls of teleportation
Potions
 d - 2 potions of might
 j - 3 potions of degeneration {unknown}
 l - a potion of flight {unknown}
 m - a potion of brilliance {unknown}
 o - 6 potions of curing
 q - a potion of resistance {unknown}
 r - 2 potions of berserk rage {unknown}
 u - 3 potions of heal wounds {unknown}
 z - a potion of invisibility {unknown}
 J - a potion of cancellation {unknown}
Comestibles
 f - 12 rations
 L - a chunk of flesh


   Skills:
 - Level 3.2 Fighting
 * Level 10.0 Maces & Flails
 - Level 3.2 Armour
 - Level 0.3 Dodging
 * Level 10.9 Shields


You had 9 spell levels left.
You didn't know any spells.
Your spell library contained the following spells:

 Spells                   Type           Power        Failure   Level  Hunger
 Beastly Appendage        Tmut           #.....       100%        1    ##.....
 Flame Tongue             Conj/Fire      #....        100%        1    ##.....
 Sting                    Conj/Pois      #...         100%        1    ##.....
 Sticks to Snakes         Tmut           #.......     100%        2    ###....
 Throw Flame              Conj/Fire      #.....       100%        2    ###....
 Spider Form              Tmut/Pois      #.........   100%        3    ####...
 Ice Form                 Ice/Tmut       #.......     100%        4    #####..
 Blade Hands              Tmut           #.........   100%        5    ######.
 Bolt of Magma            Conj/Fire/Erth #.........   100%        5    ######.
 Fireball                 Conj/Fire      #.........   100%        5    ######.


Dungeon Overview and Level Annotations

Branches:
Dungeon (9/15)             Temple (1/1) D:7
   Lair: D:8-11         Orc: D:9-12

Altars:
Ashenzari
Cheibriados
Dithmenos
Elyvilon
Fedhas
Gozag
Hepliaklqana
Kikubaaqudgha
Makhleb
Nemelex Xobeh
Okawaru
Qazlal
Ru
Sif Muna
Trog
Uskayaw
Vehumet
Wu Jian
Xom
Yredelemnul
Zin
The Shining One

Annotations:
D:9 Erolcha


Innate Abilities, Weirdness & Mutations

You are resistant to torment.
Your stone body is resilient. (AC +7)
You are immune to poison.
You resist negative energy. (rN+)
You are resistant to electric shocks. (rElec)
You can survive without breathing.
You are immune to petrification.
You are immune to rotting.


Message History

Erolcha is heavily wounded.
Erolcha hits you with an enchanted giant spiked club!!
* * * LOW HITPOINT WARNING * * *
You hit Erolcha.
Erolcha is severely wounded.
You barely miss Erolcha.
Erolcha is severely wounded.
Erolcha barely misses you.
You hit Erolcha but do no damage.
Erolcha is severely wounded.
You block Erolcha's attack.
You completely miss Erolcha.
Erolcha is severely wounded.
You whack Erolcha!
Erolcha is almost dead.
Erolcha hits you with an enchanted giant spiked club.
* * * LOW HITPOINT WARNING * * *
You feel very mighty all of a sudden.
Erolcha hits you with an enchanted giant spiked club!
You die...

#...# #...######
#######..>.....#
......#.#####.##
#(........#
#####.#.#.###.#
............#
####.#.#####
...#@# ##. #O# #
#.# #.# #.# #.#
#(# #.#


You could see Erolcha.

Vanquished Creatures
  A two-headed ogre (D:8)
  An orc warrior (D:5)
  2 black bears
  3 phantoms
  2 necrophages (D:6)
  An ice beast (D:5)
  An ogre (D:5)
  4 centaurs
  2 bullfrogs (D:8)
  Blork the orc (D:4)
  2 scorpions
  3 wights (D:5)
  2 crimson imps
  3 jellies
  A quasit (D:5)
  6 orc priests
  3 hounds
  A bullfrog skeleton (D:6)
  3 orc wizards
  2 iguanas
  7 worker ants
  A hound skeleton (D:6)
  Robin (D:2)
  A howler monkey skeleton (D:4)
  8 adders
  2 shadow imps
  2 oozes
  A worm (D:3)
  2 dart slugs
  6 leopard geckos
  24 orcs
  4 bats
  6 giant cockroaches
  24 goblins
  5 hobgoblins
  2 jackals (D:3)
  4 kobolds
  A quokka (D:3)
  8 frilled lizards
  A jackal zombie (D:5)
  7 rats
161 creatures vanquished.

Vanquished Creatures (others)
  An orc (D:3)
1 creature vanquished.

Grand Total: 162 creatures vanquished

Notes
Turn   | Place    | Note
-------+----------+-------------------------------------------
     0 | D:1      | Kohma the Gargoyle Fighter began the quest for the Orb.
     0 | D:1      | Reached XP level 1. HP: 14/14 MP: 1/1
    52 | D:1      | Reached XP level 2. HP: 19/19 MP: 2/2
   292 | D:1      | Reached XP level 3. HP: 22/23 MP: 3/3
   956 | D:2      | Noticed Robin
   981 | D:2      | Killed Robin
   981 | D:2      | Reached XP level 4. HP: 21/28 MP: 4/4
  1318 | D:3      | Found a faded altar of an unknown god.
  1420 | D:3      | Reached XP level 5. HP: 32/32 MP: 5/5
  1448 | D:3      | Found a bloodstained altar of Trog.
  1596 | D:3      | Noticed a phantom
  1673 | D:3      | Killed a phantom
  1673 | D:3      | Reached skill level 5 in Shields
  1673 | D:3      | Reached XP level 6. HP: 13/37 MP: 6/6
  2455 | D:4      | Reached skill level 5 in Maces & Flails
  2541 | D:4      | Noticed Blork the orc
  2554 | D:4      | Killed Blork the orc
  2861 | D:4      | Reached XP level 7. HP: 41/41 MP: 7/7
  3162 | D:5      | Entered Level 5 of the Dungeon
  3168 | D:5      | Found a glowing golden altar of the Shining One.
  3631 | D:5      | Reached XP level 8. HP: 32/46 MP: 8/8
  4879 | D:6      | Identified Lemuelush's Reference Book on Hurtful
                  | Contamination
  4985 | D:6      | Reached XP level 9. HP: 38/51 MP: 9/9
  5567 | D:7      | Found a staircase to the Ecumenical Temple.
  5613 | Temple   | Entered the Ecumenical Temple
  5717 | Temple   | Became a worshipper of Warmaster Okawaru
  6009 | D:8      | Noticed a two-headed ogre
  6300 | D:8      | Killed a two-headed ogre
  6300 | D:8      | Reached * piety under Okawaru
  6300 | D:8      | Reached skill level 10 in Shields
  6594 | D:8      | Got a faintly glowing whip
  6620 | D:8      | Identified the +2 whip "Duz Cixy" {pain, SInv} (You found
                  | it on level 8 of the Dungeon)
  7154 | D:8      | Reached skill level 10 in Maces & Flails
  7210 | D:9      | Reached XP level 10. HP: 35/56 MP: 10/10
  7329 | D:9      | Noticed Erolcha
  7341 | D:9      | Slain by Erolcha

Skill      XL: |  1  2  3  4  5  6  7  8  9 |
---------------+----------------------------+-----
Shields        | 4 5 6 7 9 10 | 10.9
Maces & Flails | 3 4 5 6 8 10 | 10.0
Fighting       | |  3.2
Armour         | |  3.2
Dodging        | |  0.3

Action                   |  1- 3 |  4- 6 |  7- 9 | 10-12 || total
-------------------------+-------+-------+-------+-------++-------
Melee: Flail             |    84 |   178 |   281 |       ||   543
       Whip              |       |       |    52 |    22 ||    74
Throw: Tomahawk          |       |       |     4 |       ||     4
  Use: Scroll            |       |     7 |     6 |       ||    13
       Potion            |       |       |       |     1 ||     1
  Eat: Chunk             |       |     7 |    10 |     1 ||    18
       Ration            |       |       |     1 |       ||     1
Armor: Scale mail        |    43 |    53 |    63 |       ||   159
       Plate armour      |       |       |    82 |     3 ||    85
Dodge: Dodged            |    20 |    30 |    60 |     5 ||   115
Block: Shield            |    56 |   113 |   261 |     9 ||   439
       Reflection        |     1 |     5 |    11 |       ||    17
